AoeStats
← 东京节度使

Black Forest

508213234Analyzed
4v4 RM · 10d ago on Sep 21, 2026· 40m 23s· 8 players
Game mode
Random Map
Map size
Large (8 player)
Population
200
Speed
Normal
Resources
Standard
Victory
Conquest
Starting age
Dark Age
Ending age
Imperial Age
RankedLock teamsTeams togetherTeam positionsShared explorationLock speedFull tech treeHidden civsTurbo modeCheats
Victory
Defeat
🇹🇼 Persians · Taiwan
1084
+14
🇨🇳 Turks · China
1072
+14
🇪🇸 Cumans · Spain
1064
+15
🇭🇰 Franks · Hong Kong SAR China
1053
+15
🇨🇴 Celts · Colombia
1082
-16
🇨🇳 Khmer · China
1067
-16
🇨🇿 Portuguese · Czechia
1018
-14
🇨🇳 Burgundians · China
968
-12
拳打南山敬老院
1:27 Loom
11:50 Feudal Age
19:39 Castle Age
20:04 Double-Bit Axe
22:41 Gold Mining
25:13 Wheelbarrow
26:28 Bow Saw
26:56 Gold Shaft Mining
32:52 Imperial Age
31:04 Scale Barding Armor
31:10 Forging
32:55 Cavalier
35:46 Chain Barding Armor
36:03 Paladin
38:31 Plate Barding Armor
38:32 Iron Casting
40:08 Conscription
ElPelucaSapbe
7:16 Loom
13:37 Feudal Age
14:54 Double-Bit Axe
15:04 Horse Collar
17:39 Castle Age
19:06 Bow Saw
20:46 Wheelbarrow
20:50 Heavy Plow
20:36 Fishing Lines
21:44 Gillnets
24:15 Hand Cart
26:39 Gold Mining
26:40 Stone Mining
30:40 Town Watch
34:32 Imperial Age
32:23 Scale Barding Armor
32:28 Forging
32:33 Bloodlines
31:47 Light Cavalry
35:19 Chain Barding Armor
35:35 Iron Casting
35:14 Masonry
34:38 Elite Steppe Lancer
36:43 Plate Barding Armor
38:24 Blast Furnace
Jason
4:19 Loom
18:03 Feudal Age
20:15 Double-Bit Axe
22:13 Fletching
22:16 Horse Collar
25:38 Wheelbarrow
31:43 Castle Age
30:06 Gold Mining
30:09 Stone Mining
30:28 Padded Archer Armor
32:46 Crossbowman
33:37 Thumb Ring
33:51 Bow Saw
35:11 Masonry
35:13 Kamandaran
36:06 Bodkin Arrow
38:00 Hand Cart
38:57 Ballistics
39:52 Leather Archer Armor
40:23 Fishing Lines
东京节度使
0:31 Loom
13:29 Feudal Age
15:42 Double-Bit Axe
18:00 Castle Age
16:14 Gold Mining
16:15 Horse Collar
20:26 Bow Saw
25:32 Imperial Age
27:22 Wheelbarrow
27:50 Two-Man Saw
40:37 Gold Shaft Mining
RzBol
8:06 Loom
12:46 Feudal Age
13:27 Double-Bit Axe
17:15 Castle Age
16:18 Stone Mining
23:42 Bow Saw
27:28 Horse Collar
28:38 Heavy Plow
28:38 Gold Mining
30:05 Wheelbarrow
29:19 Town Watch
31:12 Fletching
33:38 Husbandry
36:19 Imperial Age
34:30 Stone Shaft Mining
34:25 Forging
34:16 Scale Mail Armor
34:21 Scale Barding Armor
34:14 Light Cavalry
35:34 Gold Shaft Mining
35:01 Stronghold
36:47 Hand Cart
36:55 Pikeman
38:04 Conscription
市委书记李达康
0:29 Loom
26:02 Feudal Age
26:49 Double-Bit Axe
30:50 Castle Age
29:28 Horse Collar
29:55 Gold Mining
29:57 Stone Mining
34:37 Heavy Plow
35:58 Bow Saw
36:57 Wheelbarrow
38:37 Pikeman
39:49 Forging
39:39 Scale Mail Armor
省委高育良
10:52 Feudal Age
9:20 Loom
16:39 Castle Age
16:45 Cavalier
17:32 Husbandry
17:27 Double-Bit Axe
19:01 Horse Collar
19:45 Gold Mining
22:28 Loom
27:53 Stone Mining
28:17 Bow Saw
28:11 Heavy Plow
31:48 Stone Shaft Mining
31:54 Gold Shaft Mining
33:03 Stone Shaft Mining
36:27 Imperial Age
34:33 Wheelbarrow
35:36 Two-Man Saw
36:11 Hand Cart
36:14 Scale Barding Armor
36:19 Forging
36:19 Scale Mail Armor
38:05 Chain Barding Armor
38:21 Iron Casting
37:13 Light Cavalry
37:21 Paladin
39:24 Iron Casting
39:25 Plate Barding Armor
39:18 Town Watch
JozefCZ
2:11 Loom
11:39 Feudal Age
12:19 Double-Bit Axe
13:40 Horse Collar
19:57 Castle Age
18:37 Town Watch
21:32 Bow Saw
21:26 Heavy Plow
21:41 Fishing Lines
23:13 Wheelbarrow
25:13 Hand Cart
25:39 Gillnets
28:36 Imperial Age
26:41 Ballistics
26:32 Fortified Wall
28:02 Masonry
30:50 Chemistry
35:26 Arquebus
Connection lost

Rejoining the realm…

Still unreachable

The connection could not be restored.

Session expired

The server has moved on; the page needs a fresh start.